NCAA
FLORIDA STATE SEMINOLES @ SETON HALL PIRATES
06/02/2029
 
TOP OF THE 1ST
Florida State Seminoles batting - Pitching for Seton Hall Pirates : LHP Greg Harris
Pitching: LHP Greg Harris
Batting: LHB Jeff Stevens 0-0: Ball
1-0: Ground out U3 (Groundball, 3)
Batting: RHB Mark Willis 0-0: Called Strike
0-1: Ball
1-1: Foul Ball, location: 2F
1-2: Strikes out swinging
Batting: LHB Paul Cotton 0-0: Foul Ball, location: 2F
0-1: Hit by Pitch
Batting: RHB Tristan Dean 0-0: Ball
1-0: Ball
2-0: Fly out, F9 (Flyball, 9D)
Top of the 1st over - 0 runs, 0 hits, 0 errors, 1 left on base; Florida State 0 - Seton Hall 0
BOTTOM OF THE 1ST
Seton Hall Pirates batting - Pitching for Florida State Seminoles : RHP Charlie Roberts
Pitching: RHP Charlie Roberts
Batting: RHB Ken Horn 0-0: Ball
1-0: Foul Ball, location: 2F
1-1: Ball
2-1: Ball
3-1: Base on Balls
Batting: LHB Joe Rutherford 0-0: Fly out, F7 (Flyball, 78XD)
Batting: SHB David Bennett 0-0: Foul Ball, location: 2F
0-1: Called Strike
0-2: Strikes out swinging
Batting: LHB Travis Jefferson 0-0: Called Strike
0-1: SINGLE (Line Drive, 34D)
Ken Horn to second
Runner from 2nd tries for 3rd, SAFE, throw made to third
Batting: LHB Vernon Riley 0-0: DOUBLE (Line Drive, 89M)
Ken Horn scores
Travis Jefferson to third
Runner from 3rd tries for Home, SAFE, throw made at trailing runner, OUT at third!
Bottom of the 1st over - 2 runs, 2 hits, 0 errors, 0 left on base; Florida State 0 - Seton Hall 2
TOP OF THE 2ND
Florida State Seminoles batting - Pitching for Seton Hall Pirates : LHP Greg Harris
Batting: RHB Bill Rice 0-0: Swinging Strike
0-1: Ball
1-1: Called Strike
1-2: Strikes out looking
Batting: LHB Connor Moss 0-0: Ball
1-0: Ball
2-0: Called Strike
2-1: Fly out, F7 (Line Drive, 7)
Batting: LHB Millard Myers 0-0: SINGLE (Groundball, 3D)
Batting: RHB Harry Ray 0-0: DOUBLE (Flyball, 89D)
Millard Myers to third
Batting: RHB Victor Whitfield 0-0: Ball
1-0: Swinging Strike
1-1: Ball
2-1: Foul Ball, location: 2F
2-2: Ball
3-2: Strikes out swinging
Top of the 2nd over - 0 runs, 2 hits, 0 errors, 2 left on base; Florida State 0 - Seton Hall 2
BOTTOM OF THE 2ND
Seton Hall Pirates batting - Pitching for Florida State Seminoles : RHP Charlie Roberts
Batting: RHB Joe Lord 0-0: Swinging Strike
0-1: Swinging Strike
0-2: Strikes out swinging
Batting: RHB Ray Hernández 0-0: Ball
1-0: Ball
2-0: Called Strike
2-1: Swinging Strike
2-2: Strikes out swinging
Batting: LHB Turner Burns 0-0: Foul Ball, location: 2F
0-1: Called Strike
0-2: Ball
1-2: Foul Ball, location: 2F
1-2: Ball
2-2: Strikes out swinging
Bottom of the 2nd over - 0 runs, 0 hits, 0 errors, 0 left on base; Florida State 0 - Seton Hall 2
TOP OF THE 3RD
Florida State Seminoles batting - Pitching for Seton Hall Pirates : LHP Greg Harris
Batting: LHB Jeff Stevens 0-0: DOUBLE (Line Drive, 9LM)
Pitching: LHP Allen Hernández
Batting: RHB Mark Willis 0-0: Ball
1-0: Foul Ball, location: 2F
1-1: Swinging Strike
1-2: Ball
2-2: Ball
3-2: Foul Ball, location: 2F
3-2: Strikes out swinging
Batting: LHB Paul Cotton 0-0: Foul Ball, location: 2F
0-1: Foul Ball, location: 2F
0-2: Ball
1-2: Fly out, F8 (Flyball, 89D)
Runner from 2nd tags up, SAFE at 3rd, no throw
Batting: RHB Tristan Dean 0-0: Ball
1-0: Foul Ball, location: 2F
1-1: Foul Ball, location: 2F
1-2: Ball
2-2: Ground out 4-3 (Groundball, 4)
Top of the 3rd over - 0 runs, 1 hit, 0 errors, 1 left on base; Florida State 0 - Seton Hall 2
BOTTOM OF THE 3RD
Seton Hall Pirates batting - Pitching for Florida State Seminoles : RHP Charlie Roberts
Batting: RHB Chris Rigney 0-0: Called Strike
0-1: Fly out, F8 (Flyball, 8LD)
Batting: RHB Ken Horn 0-0: Ball
1-0: Fly out, F9 (Flyball, 9)
Batting: LHB Joe Rutherford 0-0: Ball
1-0: Called Strike
1-1: Foul Ball, location: 2F
1-2: Foul Ball, location: 2F
1-2: Ball
2-2: Foul Ball, location: 2F
2-2: Fly out, F7 (Flyball, 78D)
Bottom of the 3rd over - 0 runs, 0 hits, 0 errors, 0 left on base; Florida State 0 - Seton Hall 2
TOP OF THE 4TH
Florida State Seminoles batting - Pitching for Seton Hall Pirates : LHP Allen Hernández
Batting: RHB Bill Rice 0-0: Ball
1-0: SINGLE (Groundball, 4D)
Batting: LHB Connor Moss 0-0: Ball
1-0: Called Strike
1-1: Ball
2-1: Ball
3-1: Called Strike
3-2: Foul Ball, location: 2F
3-2: Foul Ball, location: 2F
3-2: Strikes out swinging
Batting: LHB Millard Myers 0-0: Ball
1-0: Ball
2-0: Fly out, F6 (Popup, 6)
Batting: RHB Harry Ray 0-0: Ball
1-0: SINGLE (Flyball, 8RS)
Bill Rice to second
Runner from 2nd tries for 3rd, SAFE, no throw
Batting: RHB Victor Whitfield 0-0: Called Strike
0-1: SINGLE (Line Drive, 6MD)
Bill Rice scores
Harry Ray to second
Batting: LHB Jeff Stevens 0-0: Ball
1-0: Called Strike
1-1: Foul Ball, location: 2F
1-2: Strikes out swinging
Top of the 4th over - 1 run, 3 hits, 0 errors, 2 left on base; Florida State 1 - Seton Hall 2
BOTTOM OF THE 4TH
Seton Hall Pirates batting - Pitching for Florida State Seminoles : RHP Charlie Roberts
Batting: SHB David Bennett 0-0: Ball
1-0: Ball
2-0: Ball
3-0: Called Strike
3-1: Foul Ball, location: 2F
3-2: Foul Ball, location: 2F
3-2: Strikes out swinging
Batting: LHB Travis Jefferson 0-0: Called Strike
0-1: Ball
1-1: Foul Ball, location: 2F
1-2: Ground out 1-3 (Groundball, P)
Batting: LHB Vernon Riley 0-0: Called Strike
0-1: Ball
1-1: Foul Ball, location: 2F
1-2: Ground out 5-3 (Groundball, 56)
Bottom of the 4th over - 0 runs, 0 hits, 0 errors, 0 left on base; Florida State 1 - Seton Hall 2
TOP OF THE 5TH
Florida State Seminoles batting - Pitching for Seton Hall Pirates : LHP Allen Hernández
Batting: RHB Mark Willis 0-0: SINGLE (Groundball, 5) (infield hit)
Pitching: LHP Leonardo Casas
Batting: LHB Paul Cotton 0-0: Ball
Wild Pitch!
Mark Willis to second
1-0: Called Strike
1-1: Swinging Strike
1-2: Foul Ball, location: 2F
1-2: SINGLE (Groundball, 6MD)
Mark Willis to third
Runner from 3rd tries for Home, SAFE, no throw
Batting: RHB Tristan Dean 0-0: Called Strike
0-1: Ball
1-1: Grounds into double play, 6-4-3 (Groundball, 6)
Batting: RHB Bill Rice 0-0: Swinging Strike
0-1: Ball
1-1: Ball
2-1: SINGLE (Line Drive, 9S)
Batting: LHB Connor Moss 0-0: Ball
1-0: Called Strike
1-1: Foul Ball, location: 2F
1-2: Strikes out swinging
Top of the 5th over - 1 run, 3 hits, 0 errors, 1 left on base; Florida State 2 - Seton Hall 2
BOTTOM OF THE 5TH
Seton Hall Pirates batting - Pitching for Florida State Seminoles : RHP Charlie Roberts
Batting: RHB Joe Lord 0-0: Ball
1-0: Ball
2-0: Ball
3-0: Base on Balls
Batting: RHB Ray Hernández 0-0: Ball
1-0: Called Strike
1-1: Foul Ball, location: 2F
1-2: Grounds into double play, 5-4-3 (Groundball, 56)
Batting: LHB Turner Burns 0-0: Ball
1-0: Foul Ball, location: 2F
1-1: Ball
2-1: Bunt for hit - play at first, batter OUT! 5-3
Bottom of the 5th over - 0 runs, 0 hits, 0 errors, 0 left on base; Florida State 2 - Seton Hall 2
TOP OF THE 6TH
Florida State Seminoles batting - Pitching for Seton Hall Pirates : LHP Leonardo Casas
Batting: LHB Millard Myers 0-0: Called Strike
0-1: Swinging Strike
0-2: SOLO HOME RUN (Flyball, 9D), Distance : 360 ft
Batting: RHB Harry Ray 0-0: Ground out 5-3 (Groundball, 56)
Batting: RHB Victor Whitfield 0-0: Foul Ball, location: 2F
0-1: Ball
1-1: Ball
2-1: Ground out U3 (Groundball, 2R)
Batting: LHB Jeff Stevens 0-0: Ball
1-0: Called Strike
1-1: SINGLE (Line Drive, 89M)
Batting: RHB Mark Willis 0-0: Ball
Jeff Stevens steals 2nd base
1-0: Ball
2-0: Ball
3-0: Called Strike
3-1: Foul Ball, location: 2F
3-2: Base on Balls
Batting: LHB Paul Cotton 0-0: Called Strike
0-1: Swinging Strike
0-2: Foul Ball, location: 2F
0-2: Foul Ball, location: 2F
0-2: Strikes out looking
Top of the 6th over - 1 run, 2 hits, 0 errors, 2 left on base; Florida State 3 - Seton Hall 2
BOTTOM OF THE 6TH
Seton Hall Pirates batting - Pitching for Florida State Seminoles : RHP Charlie Roberts
Batting: RHB Chris Rigney 0-0: Swinging Strike
0-1: Ball
1-1: Ball
2-1: Ball
3-1: Foul Ball, location: 2F
3-2: Foul Ball, location: 2F
3-2: SINGLE (Line Drive, 6MD)
Batting: RHB Ken Horn 0-0: Called Strike
0-1: Called Strike
0-2: Strikes out swinging
Batting: LHB Joe Rutherford 0-0: Called Strike
0-1: Ball
1-1: Ball
2-1: Called Strike
2-2: Fly out, F8 (Flyball, 8LM)
Batting: SHB David Bennett 0-0: Called Strike
0-1: Swinging Strike
0-2: Foul Ball, location: 2F
0-2: Foul Ball, location: 2F
0-2: Ground out 1-3 (Groundball, P)
Bottom of the 6th over - 0 runs, 1 hit, 0 errors, 1 left on base; Florida State 3 - Seton Hall 2
TOP OF THE 7TH
Florida State Seminoles batting - Pitching for Seton Hall Pirates : LHP Leonardo Casas
Batting: RHB Tristan Dean 0-0: Ball
1-0: Ball
2-0: Called Strike
2-1: Ball
3-1: Base on Balls
Batting: RHB Bill Rice 0-0: Fly out, F8 (Flyball, 8RM)
Batting: LHB Connor Moss 0-0: SINGLE (Line Drive, 56D)
Tristan Dean to second
Pinch Hitting: RHB Quentin Underwood 0-0: Ball
1-0: SINGLE (Groundball, 34)
Tristan Dean to third
Connor Moss to second
Batting: RHB Harry Ray 0-0: Ball
1-0: Ball
2-0: Swinging Strike
2-1: Grounds into fielders choice 6-2 (Groundball, 56)
Connor Moss to third
Quentin Underwood to second
Batting: RHB Victor Whitfield 0-0: Called Strike
0-1: Ball
1-1: Foul Ball, location: 2F
1-2: Fly out, F9 (Flyball, 9S)
Top of the 7th over - 0 runs, 2 hits, 0 errors, 3 left on base; Florida State 3 - Seton Hall 2
BOTTOM OF THE 7TH
Seton Hall Pirates batting - Pitching for Florida State Seminoles : RHP Charlie Roberts
Pitching: LHP Bill Klug
Now in RF: Pat Young
Batting: LHB Travis Jefferson 0-0: Ground out 6-3 (Groundball, 6)
Batting: LHB Vernon Riley 0-0: Ball
1-0: Foul Ball, location: 2F
1-1: Called Strike
1-2: Ground out 5-3 (Groundball, 56)
Pitching: LHP Chris Kerr
Batting: RHB Joe Lord 0-0: Called Strike
0-1: Swinging Strike
0-2: Strikes out swinging
Bottom of the 7th over - 0 runs, 0 hits, 0 errors, 0 left on base; Florida State 3 - Seton Hall 2
TOP OF THE 8TH
Florida State Seminoles batting - Pitching for Seton Hall Pirates : LHP Leonardo Casas
Batting: LHB Jeff Stevens 0-0: Called Strike
0-1: Called Strike
0-2: Strikes out swinging
Batting: RHB Mark Willis 0-0: Foul Ball, location: 2F
0-1: Swinging Strike
0-2: Ball
1-2: Ball
2-2: SOLO HOME RUN (Flyball, 78XD), Distance : 377 ft
Pitching: RHP Harley Sandberg
Batting: LHB Paul Cotton 0-0: Foul Ball, location: 2F
0-1: Ball
1-1: Swinging Strike
1-2: SINGLE (Flyball, 8RS)
Batting: RHB Tristan Dean 0-0: Called Strike
0-1: Ball
1-1: Fly out, F8 (Flyball, 8RM)
Batting: RHB Bill Rice 0-0: SINGLE (Line Drive, 6MD)
Paul Cotton to second
Runner from 2nd tries for 3rd, SAFE, no throw
Pitching: LHP Keith Case
Batting: LHB Connor Moss 0-0: Ball
1-0: Called Strike
1-1: Ball
2-1: Fly out, F9 (Flyball, 9LD)
Top of the 8th over - 1 run, 3 hits, 0 errors, 2 left on base; Florida State 4 - Seton Hall 2
BOTTOM OF THE 8TH
Seton Hall Pirates batting - Pitching for Florida State Seminoles : LHP Chris Kerr
Pitching: LHP Rubén López
Batting: RHB Ray Hernández 0-0: Called Strike
0-1: Ball
1-1: Swinging Strike
1-2: Ball
2-2: Strikes out swinging
Batting: LHB Turner Burns 0-0: Ball
1-0: Called Strike
1-1: SINGLE (Line Drive, 56D)
Batting: RHB Chris Rigney 0-0: Fly out, F9 (Flyball, 9S)
Batting: RHB Ken Horn 0-0: Ball
1-0: Ball
2-0: Ball
3-0: Called Strike
3-1: Swinging Strike
3-2: Foul Ball, location: 2F
3-2: SINGLE (Groundball, 56D)
Turner Burns to second
Turner Burns to third
Batting: LHB Joe Rutherford 0-0: Called Strike
0-1: Foul Ball, location: 2F
0-2: Strikes out swinging
Bottom of the 8th over - 0 runs, 2 hits, 0 errors, 2 left on base; Florida State 4 - Seton Hall 2
TOP OF THE 9TH
Florida State Seminoles batting - Pitching for Seton Hall Pirates : LHP Keith Case
Pitching: RHP Tomás Granados
Batting: RHB Pat Young 0-0: SINGLE (Groundball, 56D)
Batting: RHB Harry Ray 0-0: Sac Bunt - play at first, batter OUT! 3-4
Pat Young to second
Batting: RHB Victor Whitfield 0-0: Swinging Strike
0-1: Ground out U3 (Groundball, 34)
Pat Young to third
Batting: LHB Jeff Stevens 0-0: Ball
1-0: Ball
2-0: Ball
3-0: Base on Balls
Batting: RHB Mark Willis 0-0: Fly out, F8 (Line Drive, 8RS)
Top of the 9th over - 0 runs, 1 hit, 0 errors, 2 left on base; Florida State 4 - Seton Hall 2
BOTTOM OF THE 9TH
Seton Hall Pirates batting - Pitching for Florida State Seminoles : LHP Rubén López
Batting: SHB David Bennett 0-0: Ball
1-0: Ground out 6-3 (Groundball, 6S)
Batting: LHB Travis Jefferson 0-0: Called Strike
0-1: Ball
1-1: Ball
2-1: Fly out, F9 (Flyball, 89D)
Batting: LHB Vernon Riley 0-0: Called Strike
0-1: Fly out, F7 (Flyball, 7S)
Bottom of the 9th over - 0 runs, 0 hits, 0 errors, 0 left on base; Florida State 4 - Seton Hall 2
Saturday, December 16th, 2017 - OOTP Baseball 18.8 Build 76